 Dungeon Crawl Stone Soup version 0.15.2 (webtiles) character file.

250 4tharraofdagon the Skirmisher (level 5, -5/44 HPs)
             Began as a Demigod Wanderer on Feb 11, 2015.
             Killed by divine providence
             ... invoked by an orc priest
              (13 damage)
             ... on Level 4 of the Dungeon.
             The game lasted 00:10:00 (1898 turns).

4tharraofdagon the Skirmisher (Demigod Wanderer)    Turns: 1898, Time: 00:10:01

HP  -5/44        AC  6     Str 17      XL: 5   Next: 57%
MP  10/10        EV 10     Int 15      God:
Gold 111         SH  0     Dex 17      Spells:  1 memorised,  5 levels left

rFire  . . .     SeeInvis .     r - +3 quarterstaff (chaos)
rCold  . . .     Clarity  .     k - +0 ring mail
rNeg   . . .     rCorr    .     (no shield)
rPois  .         rRot     .     (no helmet)
rElec  .         Spirit   .     s - +0 cloak (curse)
SustAb +         Warding  .     (no gloves)
rMut   .         Stasis   .     (no boots)
Gourm  .                        t - amulet of rage
MR     .....                    (no ring)
                                j - ring of sustain abilities

@: lethally poisoned, hasted, very quick, not resistant to hostile enchantments,
very unstealthy
A: no striking features
a: Evoke Berserk Rage


You were on level 4 of the Dungeon.
You were not hungry.

You visited 1 branch of the dungeon, and saw 4 of its levels.

You collected 111 gold pieces.

Inventory:

Hand weapons
 c - a +0 dagger
 h - a +0 short sword
 l - a +1 dagger of protection
 r - a +3 quarterstaff of chaos (weapon)
 w - a +1 vampiric falchion
Missiles
 i - 8 tomahawks of returning (quivered)
Armour
 a - a +0 shield
 b - a +0 robe
 k - a +0 ring mail (worn)
 s - a cursed +0 cloak (worn)
Comestibles
 d - 5 bread rations
 f - 2 beef jerkies
 q - 2 meat rations
 v - 2 chunks of goblin flesh
 z - a rotting chunk of bat flesh
 A - 4 fruits
 C - 3 chunks of worker ant flesh
 D - a royal jelly
 E - 4 chunks of ogre flesh
 F - 3 chunks of worker ant flesh
Scrolls
 e - a scroll of remove curse {unknown}
 g - 3 scrolls of fog
 m - 2 scrolls of teleportation
 o - a scroll of immolation {unknown}
 p - 3 scrolls of identify {unknown}
 y - a scroll of recharging {unknown}
Jewellery
 j - a ring of sustain abilities (left hand)
 t - an amulet of rage (around neck)
Potions
 n - 2 potions of brilliance {unknown}
 u - a potion of cure mutation {unknown}
 x - a potion of restore abilities {unknown}
 B - a potion of haste


   Skills:
 + Level 2.9 Fighting
 * Level 2.1 Staves
 - Level 1.0 Throwing
 + Level 1.9 Armour
 + Level 1.4 Dodging
 - Level 1.0 Shields
 - Level 1.0 Spellcasting
   Level 1.0 Necromancy
   Level 1.7 Transmutations
   Level 1.7 Air Magic
   Level 1.7 Poison Magic
 - Level 2.0 Evocations


You had 5 spell levels left.
You knew the following spells:

 Your Spells              Type           Power        Failure   Level  Hunger
a - Corona                Hex            #......      30%         1    ##.....


Dungeon Overview and Level Annotations

Branches:
Dungeon (4/15)
 Temple: D:4-7


Message History

Unknown command.
Use which ability? (? or * to list)
You fail to use your ability.
You feel sick.
The orc priest invokes the aid of Beogh against you.
Pain shoots through your body!
The orc wizard mumbles some strange words.
The orc wizard seems to speed up.
The orc priest mumbles some strange prayers to Beogh against you.
Something smites you!
* * * LOW HITPOINT WARNING * * *
Unknown command.
Drink which item? (? for menu, Esc to quit)
You feel yourself speed up.
The orc wizard gestures wildly while chanting.
The orc wizard blinks!
The orc priest barely misses you. The orc hits you with a dagger.
* * * LOW HITPOINT WARNING * * *
The orc priest invokes the aid of Beogh against you.
Something smites you!
You die...

###########
...s...o..o####
#§o.o@.....####
#.####.........
#..##.####
#........#
#........# .
#######........#
#.#
#..............#.##
#.#
#)#####.....<.....#
#.# #.#
#.....#####.#


You could see 2 orc priests, an orc wizard, an orc and a giant cockroach.

Vanquished Creatures
  An ogre (D:4)
  Crazy Yiuf (D:3)
  2 worker ants (D:4)
  An adder (D:3)
  A giant mite (D:3)
  A shadow imp (D:3)
  2 giant geckos (D:2)
  3 orcs (D:3)
  2 ball pythons
  16 bats
  2 giant cockroaches (D:1)
  4 hobgoblins
  4 jackals
  2 giant newts
  4 goblins
  10 kobolds
  3 rats
59 creatures vanquished.

Vanquished Creatures (others)
  A quokka (D:2)
1 creature vanquished.

Grand Total: 60 creatures vanquished

Notes
Turn   | Place    | Note
--------------------------------------------------------------
     0 | D:1      | 4tharraofdagon, the Demigod Wanderer, began the quest for the Orb.
     0 | D:1      | Reached XP level 1. HP: 14/14 MP: 3/3
    48 | D:1      | Found a sparkling altar of Nemelex Xobeh.
   118 | D:1      | Reached skill level 1 in Fighting
   372 | D:1      | Reached XP level 2. HP: 14/23 MP: 4/4
   864 | D:2      | Reached skill level 1 in Armour
   910 | D:2      | Reached XP level 3. HP: 27/29 MP: 6/6
   988 | D:2      | Reached skill level 2 in Fighting
  1017 | D:2      | Reached skill level 1 in Throwing
  1166 | D:2      | Found a glowing golden altar of the Shining One.
  1167 | D:2      | Noticed an angel
  1180 | D:2      | Found a basalt altar of Yredelemnul.
  1181 | D:2      | Noticed a profane servitor
  1576 | D:3      | Noticed Crazy Yiuf
  1581 | D:3      | Killed Crazy Yiuf
  1581 | D:3      | Reached XP level 4. HP: 37/37 MP: 6/8
  1824 | D:4      | Reached skill level 1 in Staves
  1850 | D:4      | Noticed an ogre
  1855 | D:4      | Killed an ogre
  1855 | D:4      | Reached skill level 1 in Dodging
  1855 | D:4      | Reached XP level 5. HP: 44/44 MP: 10/10
  1898 | D:4      | Killed from afar by an orc priest

Action                   |  1- 3 |  4- 6 || total
-------------------------+-------+-------++-------
Melee: Dagger            |   174 |       ||   174
       Short sword       |    62 |       ||    62
       Quarterstaff      |       |    30 ||    30
Throw: Tomahawk          |     6 |     3 ||     9
 Cast: Corona            |     4 |       ||     4
 Abil: Evoke Berserk Rag |     2 |     1 ||     3
  Use: Potion            |     1 |     1 ||     2
       Scroll            |     1 |     1 ||     2
 Stab: Petrifying        |       |     1 ||     1
  Eat: Chunk             |     3 |     2 ||     5
       Beef jerky        |     1 |       ||     1
